 Dungeon Crawl Stone Soup version 0.17.1-2-g5865329 (webtiles) character file.

774 Killerpretzel the Destroyer (level 7, -7/36 HPs)
             Began as a Deep Elf Conjurer on Jan 12, 2016.
             Mangled by a wyvern (15 damage)
             ... on level 6 of the Dungeon.
             The game lasted 00:24:23 (5144 turns).

Killerpretzel the Destroyer (Deep Elf Conjurer)     Turns: 5144, Time: 00:24:23

Health: -7/36      AC:  3    Str:  7      XL:     7   Next: 53%
Magic:  1/13       EV: 11    Int: 20      God:
Gold:   159        SH:  0    Dex:  5 (15) Spells: 3 memorised, 4 levels left

rFire  . . .     SeeInvis .     x - +1 dagger (flame)
rCold  . . .     Clarity  .     a - +1 robe
rNeg   + . .     SustAt   .     (no shield)
rPois  .         Gourm    .     (no helmet)
rElec  .         Spirit   .     (no cloak)
rCorr  .         Warding  .     (no gloves)
rMut   .         Stasis   .     (no boots)
MR     .....                    (no amulet)
Stlth  ++........               (no ring)
                                h - ring of positive energy

@: not resistant to hostile enchantments, unstealthy
A: no striking features
a: no special abilities


You were on level 6 of the Dungeon.
You were not hungry.

You visited 1 branch of the dungeon, and saw 7 of its levels.

You collected 159 gold pieces.

Inventory:

Hand Weapons
 e - a cursed -1 dagger
 u - a +1 hunting sling
 x - a +1 dagger of flaming (weapon)
Missiles
 i - 89 stones (quivered)
 j - 37 sling bullets
 k - 32 poisoned needles
Armour
 a - a +1 robe (worn)
 s - a +2 hat of magic resistance
Jewellery
 h - a ring of positive energy (left hand)
Wands
 d - a wand of lightning (6)
Scrolls
 f - 3 scrolls of remove curse
 g - 3 scrolls of teleportation
 m - a scroll of fear {unknown}
 n - 2 scrolls of enchant armour
 o - a scroll of torment {unknown}
 p - 2 scrolls of recharging {unknown}
 y - 2 scrolls of identify
Potions
 r - a potion of agility {unknown}
 t - a potion of heal wounds {unknown}
 w - a potion of resistance {unknown}
 z - a potion of magic {unknown}
 A - 2 potions of cancellation
Books
 b - a book of Conjurations

   Spells                             Type                      Level
   a - Magic Dart                     Conjuration                  1
   b - Searing Ray                    Conjuration                  2
   c - Dazzling Spray                 Conjuration/Hexes            3
   d - Fulminant Prism                Conjuration/Hexes            4
   e - Iskenderun's Mystic Blast      Conjuration                  4
   f - Iskenderun's Battlesphere      Conjuration/Charms           5
Comestibles
 c - a bread ration {@e1}
 l - 4 fruits
 v - a beef jerky
 C - a royal jelly
 D - a slice of pizza


   Skills:
 - Level 2.4 Dodging
 - Level 2.4 Stealth
 - Level 3.0 Spellcasting
 + Level 8.8 Conjurations
 + Level 6.7 Charms


You had 4 spell levels left.
You knew the following spells:

 Your Spells              Type           Power        Failure   Level  Hunger
a - Magic Dart            Conj           ####         1%          1    None
b - Searing Ray           Conj           #####.       1%          2    ##.....
w - Iskenderun's Battles  Conj/Chrm      ####....     17%         5    ######.


Dungeon Overview and Level Annotations

Branches:
Dungeon (7/15)
 Temple: D:4-7

Altars:
Ashenzari
Cheibriados
Elyvilon
Gozag
Nemelex Xobeh

Annotations:
D:1 exclusion: downstairs
D:2 exclusion: downstairs, Jessica
D:3 Robin
D:4 Herrn's ghost, novice FoFi


Message History

* * * LOW HITPOINT WARNING * * *
The wyvern bites you but does no damage.
The hound bites you.
* * * LOW HITPOINT WARNING * * *
The wyvern bites you but does no damage.
The hound bites you.
* * * LOW HITPOINT WARNING * * *
You barely miss the hound.
The hound is almost dead.
The hound bites you but does no damage. The wyvern bites you.
* * * LOW HITPOINT WARNING * * *
The wyvern bites you but does no damage.
The hound bites you but does no damage.
Drink which item? (? for menu, Esc to quit)
It was a potion of curing.
You feel better.
You feel less woody.
Your +1 robe unmelds from your body.
You feel yourself speed up. The wyvern bites you!
You die...

.# #.##......### ##
#...........# #
##...........# #
####.)..........#
###....#..........#
#...####..........#
###.###
#..c.......# #...#
#.lh.......# #.###
##.@.....###
#####.# #.#>#####
......# ###.#.#
#....## #...#.#
..##..## ##.###.# .
##..# #..# #.# ##.#
#.## #.# ##.### #.#
#.#
###....###.####.#


You could see a wyvern, a centaur and a hound.

Vanquished Creatures
  A phantom (D:6)
  An ogre (D:4)
  A giant frog (D:7)
  A scorpion (D:7)
  A quasit (D:6)
  2 hounds
  A giant frog skeleton (D:7)
  An orc priest (D:5)
  A jelly (D:3)
  2 orc wizards
  3 worker ants
  A worker ant zombie (D:5)
  4 gnolls (D:5)
  5 adders
  An ooze (D:1)
  A worm (D:3)
  4 giant geckos
  14 orcs
  3 giant cockroaches
  7 goblins
  5 hobgoblins
  8 jackals
  2 quokkas
  A ball python (D:3)
  7 bats
  A giant gecko skeleton (D:6)
  5 giant newts
  5 kobolds
  9 rats
98 creatures vanquished.

Vanquished Creatures (others)
  A centaur (D:5)
  A giant frog skeleton (D:5)
  A hound (D:5)
  An orc (D:5)
  A giant newt (D:5)
5 creatures vanquished.

Grand Total: 103 creatures vanquished

Notes
Turn   | Place    | Note
--------------------------------------------------------------
     0 | D:1      | Killerpretzel the Deep Elf Conjurer began the quest for the Orb.
     0 | D:1      | Reached XP level 1. HP: 10/10 MP: 6/6
   416 | D:1      | Reached skill level 5 in Conjurations
   416 | D:1      | Reached XP level 2. HP: 15/15 MP: 4/8
   420 | D:1      | Learned a level 2 spell: Searing Ray
  1176 | D:2      | Noticed Jessica
  1433 | D:2      | Reached XP level 3. HP: 19/19 MP: 6/9
  1728 | D:2      | Found a sparkling altar of Nemelex Xobeh.
  2014 | D:2      | Found a snail-covered altar of Cheibriados.
  2256 | D:2      | Reached skill level 6 in Conjurations
  2293 | D:3      | Noticed Robin
  2540 | D:3      | Reached XP level 4. HP: 24/24 MP: 4/10
  3280 | D:3      | Reached skill level 7 in Conjurations
  3280 | D:3      | Reached XP level 5. HP: 28/28 MP: 5/11
  3287 | D:3      | Learned a level 5 spell: Iskenderun's Battlesphere
  3357 | D:3      | Reached skill level 1 in Charms
  3615 | D:4      | Noticed an ogre
  3618 | D:4      | Killed an ogre
  3650 | D:4      | Found a shattered altar of Ashenzari.
  3791 | D:4      | Found a white marble altar of Elyvilon.
  3791 | D:4      | Noticed Herrn's ghost (novice FoFi)
  3811 | D:5      | Entered Level 5 of the Dungeon
  3816 | D:5      | Found an opulent altar of Gozag.
  3853 | D:5      | Reached XP level 6. HP: 32/32 MP: 4/12
  3885 | D:5      | Killed a centaur
  4248 | D:5      | Reached skill level 8 in Conjurations
  4376 | D:5      | Noticed a slave
  4636 | D:6      | Reached skill level 5 in Charms
  4636 | D:6      | Reached XP level 7. HP: 36/36 MP: 3/13
  5141 | D:6      | Noticed a wyvern
  5144 | D:6      | Mangled by a wyvern

Action                   |  1- 3 |  4- 6 |  7- 9 || total
-------------------------+-------+-------+-------++-------
Melee: Dagger            |       |     1 |    17 ||    18
 Cast: Magic Dart        |    85 |    96 |    20 ||   201
       Searing Ray       |     1 |     9 |     2 ||    12
       Iskenderun's Batt |       |     1 |     2 ||     3
  Use: Scroll            |       |    10 |     1 ||    11
       Potion            |       |       |     5 ||     5
  Eat: Chunk             |     5 |     6 |       ||    11
       Fruit             |       |       |     4 ||     4
